 Dungeon Crawl Stone Soup version 0.31.0-11-ge490571c62 (webtiles) character file.

Game seed: 16584119847476075807

110 qw the Skirmisher (level 4, 0/25 HPs)
             Began as a Deep Elf Hunter on Feb 3, 2024.
             Killed from afar by an orc wizard (13 damage)
             ... with a puff of flame
             ... on level 3 of the Dungeon.
             The game lasted 00:00:08 (2037 turns).

qw the Skirmisher (Deep Elf Hunter)                 Turns: 2037, Time: 00:00:09

Health: 0/25       AC:  4    Str: 10    XL:     4   Next: 61%
Magic:  6/6        EV: 12    Int: 14    God:
Gold:   44         SH:  0    Dex: 18    Spells: 3/3 levels left

rFire   . . .        a - +0 shortbow
rCold   . . .        (shield currently unavailable)
rNeg    . . .        c - +0 leather armour
rPois   .            (no helmet)
rElec   .            (no cloak)
rCorr   .            k - +0 pair of gloves
SInv    .            (no boots)
Will    .....        d - amulet of regeneration
Stlth   +            (no ring)
HPRegen 1.04/turn    (no ring)
MPRegen 0.10/turn

%: no passive effects
@: confused
A: no striking features
a: no special abilities


You were on level 3 of the Dungeon.
You visited 1 branch of the dungeon, and saw 3 of its levels.

You collected 44 gold pieces.


   Skills:
 - Level 1.5 Fighting
 + Level 8.0 Ranged Weapons
 - Level 2.4 Dodging
 - Level 1.2 Stealth


You had 3 spell levels left.
You didn't know any spells.
Your spell library was empty.

Inventory:

Hand Weapons
 a - a +0 shortbow (weapon)
Armour
 c - a +0 leather armour (worn)
 k - a +0 pair of gloves (worn)
Jewellery
 d - an amulet of regeneration (around neck)
Potions
 f - a potion of might
 g - a potion of curing
 i - a potion of attraction {unknown}

Dungeon Overview and Level Annotations

Branches:
Dungeon (3/15)

Altars:


Message History

You shoot an arrow. The arrow hits the orc.
You kill the orc!
The rat misses you.
You shoot an arrow. The arrow hits the rat.
You kill the rat!
You shoot an arrow. Something hits you.
You shoot an arrow. Something hits you.
You shoot an arrow.
You hear some strange, mumbled words.
You are confused.
You shoot an arrow. Something hits you.
You shoot an arrow. Something hits you.
You shoot an arrow. Something hits you but does no damage.
You shoot an arrow. Something hits you.
You shoot an arrow.
You feel less confused. Something hits you but does no damage.
You shoot an arrow. Something hits you.
You shoot an arrow.
You hear some strange, mumbled words.
A puff of flame appears from out of thin air!
The puff of flame misses you.
You shoot an arrow.
You hear some strange, mumbled words.
You are confused.
You shoot an arrow. Something hits you.
You shoot an arrow.
You hear some strange, mumbled words.
A puff of flame appears from out of thin air!
The puff of flame hits you!
Ouch! That really hurt!
You die...

##... .... #$....# ...# .
#.....# .S.##$. .....#
.....# ..... .....# ...##
...# ... # .. ...# . #.#
.##... .......S.r
###@##.....#
.<..........##.{)........
.##.......S...$#.%#####.
## ..........####.#
.......)..###.#####...
.....................
.....#####.#####... #.
#.# # #.###)#


There were no monsters in sight!

Vanquished Creatures
  A gnoll (D:1)
  3 adders
  A dart slug (D:2)
  5 orcs (D:3)
  4 ball pythons
  8 endoplasms
  4 giant cockroaches
  6 goblins
  3 hobgoblins (D:2)
  6 jackals
  4 kobolds
  3 quokkas (D:1)
  5 bats
  A frilled lizard (D:1)
  6 rats
60 creatures vanquished.

Notes
Turn   | Place    | Note
-------+----------+-------------------------------------------
     0 | D:1      | qw the Deep Elf Hunter began the quest for the Orb.
     0 | D:1      | Reached XP level 1. HP: 12/12 MP: 3/3
     0 | D:1      | 0 ||| qw: Version: 0.3-a-157-g843a77d
     0 | D:1      | 0 ||| qw: Game counter: 3895
     0 | D:1      | 0 ||| qw: Melee chars always use a shield: true
     0 | D:1      | 0 ||| qw: God list: Okawaru
     0 | D:1      | 0 ||| qw: Allow faded altars: false
     0 | D:1      | 0 ||| qw: Do Orc after clearing Dungeon:15 true
     0 | D:1      | 0 ||| qw: Do second Lair branch before Depths: true
     0 | D:1      | 0 ||| qw: Lair rune preference: random
     0 | D:1      | 0 ||| qw: Goals: Normal
     0 | D:1      | 0 ||| PLANNING D:1-11
    53 | D:1      | Reached XP level 2. HP: 16/16 MP: 4/4
    96 | D:1      | Reached skill level 6 in Ranged Weapons
   386 | D:1      | Reached XP level 3. HP: 20/20 MP: 5/5
  1038 | D:1      | 1038 ||| UPGRADING to amulet of regeneration.
  1043 | D:1      | 1043 ||| READING scroll labelled SOATUWNAODGH.
  1044 | D:1      | 1044 ||| DRINKING 2 silvery potions.
  1045 | D:1      | 1045 ||| DROPPING scroll of butterflies.
  1108 | D:2      | Reached skill level 7 in Ranged Weapons
  1135 | D:2      | 1135 ||| FLEEEEING.
  1198 | D:2      | Found a faded altar of an unknown god.
  1541 | D:2      | Reached XP level 4. HP: 25/25 MP: 6/6
  1912 | D:2      | 1912 ||| UPGRADING to +0 pair of gloves.
  1917 | D:2      | 1917 ||| READING 2 scrolls labelled SEMURCH FYIPYC.
  1917 | D:2      | 1917 ||| IDENTIFYING grey potion
  1918 | D:2      | 1918 ||| READING scroll of identify.
  1918 | D:2      | 1918 ||| IDENTIFYING fizzy ruby potion
  1919 | D:2      | 1919 ||| READING scroll labelled UHETTI RYSIUL.
  1920 | D:2      | 1920 ||| READING 3 scrolls labelled GYIRCH JIUDWIEC.
  1921 | D:2      | 1921 ||| DROPPING potion of ambrosia.
  1922 | D:2      | 1922 ||| DROPPING 2 scrolls of immolation.
  1924 | D:2      | 1924 ||| Stepping ~*~*~tactically~*~*~ (cloud).
  2005 | D:3      | 2005 ||| RETREEEEATING.
  2007 | D:3      | 2007 ||| RETREEEEATING.
  2019 | D:3      | Reached skill level 8 in Ranged Weapons
  2037 | D:3      | Killed from afar by an orc wizard

Levels and vault maps discovered:
D:1:      sevenhm_arrival_forest_fort_large_4, layout_basic
D:2:      layout_loops_corners, hellmonk_ecumenical_altar_slurped_away
D:3:      layout_rooms, nicolae_wu_jian_glorious_leap,
          nicolae_ru_sacrificial_ziggurat, hangedman_decor_growths,
          nrook_mini_vaults

Skill      XL: |  1  2  3  4 |
---------------+-------------+-----
Ranged Weapons | 6 7 8 |  8.0
Fighting       | |  1.5
Dodging        | |  2.4
Stealth        | |  1.2

Action                     |  1- 3 |  4- 6 || total
---------------------------+-------+-------++-------
   Fire: Shortbow          |   134 |    64 ||   198
    Use: Scroll            |     1 |     4 ||     5
         Potion            |     1 |       ||     1
 Armour: Leather armour    |    21 |    29 ||    50
  Dodge: Dodged            |    32 |    12 ||    44

Table legend:
 A = Non-vault XP
 B = Vault XP
 C = Vault XP percentage of total XP
 D = Non-vault monster count
 E = Vault monster count
 F = Vault count percentage of total count
                 A         B        C        D         E       F
            +---------+---------+-------+---------+---------+-------
      Total |     156 |       2 |   1.3 |      59 |       1 |   1.7
            +---------+---------+-------+---------+---------+-------
        D:1 |      60 |       0 |   0.0 |      27 |       0 |   0.0
        D:2 |      52 |       2 |   3.7 |      23 |       1 |   4.2
        D:3 |      44 |       0 |   0.0 |       9 |       0 |   0.0
            +---------+---------+-------+---------+---------+-------
